cohdb
Replays
Latest Replays
All Replays
Popular Replays
Top Player Replays
Match Explorer
How It Works
Community
CoH3 Stats
Reddit
Sign in to upload your games and track your stats! →
Sign in with Steam
what am I playing against
Match 21586667
Overview
Messages
Build Orders
End
Kettenkrad Recon Vehicle
Selects Italian Coastal Battlegroup
Selects Coastal Reserves
Coastal Reserve
Coastal Reserve
Coastal Reserve
Construct Infanterie Kompanie
Selects Support Bunkers
GrW 34 Mortar Team
Construct Panzergrenadier Kompanie
Medical Bunker
251 Medium Carrier
Selects Artillery Officer
Pioneer Squad
Selects Designated Artillery Overwatch
Designated Artillery Overwatch
Coastal Reserve
Selects Coastal Wall
Artillery Officer
GrW 34 Mortar Team
Designated Artillery Overwatch
Selects Bulwark
GrW 34 Mortar Team
Infanterie Officer Quarters
Pioneer Squad
Designated Artillery Overwatch
Support Elements
Construct Luftwaffe Kompanie
Marder III M Tank Destroyer
DanceFKRdance
water
0
0
Comments
sign in to comment!
No comments posted yet!